 Dungeon Crawl Stone Soup version 0.23.0 (webtiles) character file.

Game seed: 8797544903132653158

18971 HighWolly the Arsonist (level 12, -6/70 HPs)
             Began as a Deep Elf Fire Elementalist on Feb 15, 2019.
             Was an Elder of Vehumet.
             Splashed by an oklob plant's acid (13 damage)
             ... on level 3 of the Lair of Beasts.
             The game lasted 00:46:52 (21634 turns).

HighWolly the Arsonist (DEFE)                      Turns: 21634, Time: 00:46:53

Health: -6/70      AC: -1    Str:  7    XL:     12   Next: 32%
Magic:  0/27       EV: 17    Int: 26    God:    Vehumet [****..]
Gold:   1156       SH:  5    Dex: 15    Spells: 11/30 levels left

rFire    . . .     SeeInvis .   s - +1 dagger (elec)
rCold    . . .     Gourm    .   D - +0 buckler
rNeg     + . .     Faith    .   L - +0 troll leather armour
rPois    +         Spirit   +   y - +0 helmet
rElec    +         Reflect  .   (no cloak)
rCorr    .         Harm     .   n - +1 pair of gloves
MR       +....                  (no boots)
Stlth    +++.......             M - amulet "Ruiv" {Spirit rElec Str+2 Stlth+}
HPRegen  0.61/turn              h - ring of positive energy
MPRegen  0.20/turn              J - ring of poison resistance

@: corroded
A: no striking features
a: Renounce Religion


You were on level 3 of the Lair of Beasts.
You worshipped Vehumet.
Vehumet was greatly pleased with you.
You were not hungry.

You visited 3 branches of the dungeon, and saw 15 of its levels.
You also visited: Ossuary.

You collected 1156 gold pieces.

Inventory:

Hand Weapons
 s - a +1 dagger of electrocution (weapon)
   (You took it off a goblin on level 1 of the Dungeon)
Missiles
 w - 4 javelins (quivered)
Armour
 n - a +1 pair of gloves (worn)
   (You found it on level 2 of the Dungeon)
 y - a +0 helmet (worn)
   (You found it on level 7 of the Dungeon)
 D - a +0 buckler (worn)
   (You found it on level 7 of the Dungeon)
 E - a +3 leather armour
   (You took it off an orc on level 4 of the Dungeon)
 L - a +0 troll leather armour (worn)
   (You found it on level 10 of the Dungeon)
Jewellery
 h - a ring of positive energy (left hand)
   (You found it on level 1 of the Dungeon)
 J - a ring of poison resistance (right hand)
   (You found it on level 8 of the Dungeon)
 M - the amulet "Ruiv" (around neck) {Spirit rElec Str+2 Stlth+}
   (You found it on level 10 of the Dungeon)

   [amulet of guardian spirit]

   It causes incoming damage to be split between your health and magic.
   It affects your strength (+2).
   It insulates you from electricity.
   It makes you more stealthy.
Wands
 c - a wand of disintegration (32)
   (You found it on level 6 of the Dungeon)
 d - a wand of iceblast (9)
   (You took it off Ijyb on level 3 of the Dungeon)
 t - a wand of flame (71)
   (You found it on level 5 of the Dungeon)
 x - a wand of acid (12)
   (You found it on level 7 of the Dungeon)
 z - a wand of scattershot (4)
   (You found it on level 6 of the Dungeon)
 K - a wand of enslavement (10)
   (You found it on level 9 of the Dungeon)
Scrolls
 f - 3 scrolls of enchant weapon
 g - 4 scrolls of magic mapping
 i - 3 scrolls of remove curse {@r2}
 l - a scroll of fear
 m - 2 scrolls of amnesia
 o - a scroll of noise {!r}
 p - 7 scrolls of immolation {!r}
 C - 6 scrolls of teleportation {@r4}
 F - a scroll of acquirement {unknown}
 G - a scroll of enchant armour
Potions
 b - 3 potions of mutation {!q}
 j - 9 potions of curing {@q1}
 k - 2 potions of ambrosia {unknown}
 q - a potion of flight {unknown}
 r - a potion of magic {unknown}
 u - a potion of heal wounds {@q2}
 v - 5 potions of haste {@q3}
 A - 4 potions of brilliance
 B - 2 potions of cancellation {unknown}
 H - a potion of berserk rage {unknown}
 I - a potion of agility
Comestibles
 e - 23 rations {!d}


   Skills:
 + Level 6.2 Fighting
 - Level 9.0 Dodging
 - Level 2.4 Stealth
 - Level 4.2 Shields
 + Level 9.8 Spellcasting
 + Level 10.9 Conjurations
 + Level 11.6 Fire Magic
 + Level 1.8 Earth Magic
 + Level 5.4 Evocations


You had 11 spell levels left.
You knew the following spells:

 Your Spells              Type           Power        Failure   Level  Hunger
b - Fireball              Conj/Fire      ######....   1%          5    ####...
c - Bolt of Magma         Conj/Fire/Erth ######....   1%          5    ####...
d - Conjure Flame         Conj/Fire      ######..     1%          3    None
q - Sticky Flame          Conj/Fire      ######..     1%          4    None
x - Throw Flame           Conj/Fire      ######       1%          2    None

Your spell library contained the following spells:

 Spells                   Type           Power        Failure   Level  Hunger
 Flame Tongue             Conj/Fire      #####        1%          1    None
 Magic Dart               Conj           ####         1%          1    None
 Searing Ray              Conj           ######       1%          2    None
 Dazzling Spray           Conj/Hex       #####.       1%          3    None
 Inner Flame              Hex/Fire       #####...     1%          3    None
 Iskenderun's Mystic Bla  Conj           ######..     1%          4    None
 Force Lance              Conj/Tloc      #####...     2%          4    None
 Fulminant Prism          Conj/Hex       #####.....   2%          4    None
 Beastly Appendage        Tmut           ##....       7%          1    None
 Sticks to Snakes         Tmut           ##......     11%         2    None
 Spider Form              Tmut/Pois      ##........   22%         3    None
 Ice Form                 Ice/Tmut       ##......     56%         4    None
 Blade Hands              Tmut           ##........   89%         5    ####...


Dungeon Overview and Level Annotations

Branches:
Dungeon (11/15)            Temple (1/1) D:6            Lair (3/6) D:9
    Orc (0/2) D:10
  Swamp: Lair:2-4    Shoals: Lair:2-4     Snake: Lair:2-4    Spider: Lair:2-4

Altars:
Elyvilon
Fedhas
Gozag
Hepliaklqana
Kikubaaqudgha
Makhleb
Nemelex Xobeh
Okawaru
Sif Muna
Trog
Vehumet
Wu Jian
Xom
Yredelemnul
Zin
The Shining One
Beogh

Shops:
D:10 %%

Annotations:
D:8 3 runed translucent doors, lenfi's ghost, novice NaVM
Lair:3 exclusion: 2 oklob plants


Message History

The puff of flame hits the oklob plant!
Aim: an oklob plant (moderately damaged)
The puff of flame hits the oklob plant.
Aim: an oklob plant (moderately damaged)
The puff of flame hits the oklob plant but does no damage.
Aim: an oklob plant (moderately damaged)
The puff of flame hits the oklob plant but does no damage.
Aim: an oklob plant (moderately damaged)
The puff of flame hits the oklob plant.
Aim: an oklob plant (moderately damaged)
The puff of flame hits the oklob plant.
Aim: an oklob plant (heavily damaged)
The puff of flame hits the oklob plant.
Aim: an oklob plant (heavily damaged)
The puff of flame hits the oklob plant.
Aim: an oklob plant (heavily damaged)
The puff of flame hits the oklob plant but does no damage.
You start resting.
You start resting.
Really walk into a travel-excluded area?
The oklob plant spits acid at you. The splash of acid hits you!
The acid corrodes you!
You are splashed with acid!
Aim: an oklob plant The puff of flame hits the oklob plant!
Aim: an oklob plant (moderately damaged)
The puff of flame hits the oklob plant.
Aim: an oklob plant (moderately damaged)
The puff of flame hits the oklob plant.
Aim: an oklob plant (moderately damaged)
The puff of flame hits the oklob plant!
Aim: an oklob plant (heavily damaged)
The puff of flame hits the oklob plant!
Aim: an oklob plant (severely damaged)
The puff of flame hits the oklob plant!
The oklob plant spits acid at you. The splash of acid hits you!
You are splashed with acid!
Aim: an oklob plant (almost destroyed)
The puff of flame hits the oklob plant but does no damage.
The oklob plant spits acid at you. The splash of acid hits you!
* * * LOW HITPOINT WARNING * * *
The acid corrodes you!
You are splashed with acid!
* * * LOW HITPOINT WARNING * * *
Aim: an oklob plant (almost destroyed)
The puff of flame hits the oklob plant!
The oklob plant spits acid at you. The splash of acid hits you!
* * * LOW HITPOINT WARNING * * *
You are splashed with acid!
You die...

#...P.....#.....#
#...P...........#
P...............#
#.........'.....#
#......<..#.....##
#...#.....#......#
#....#...##.....##
#<...............#
.............@..##
...............######
(.......##P#....:$).P
.......####...P/.$$$
....... ##..P.![($
....... #..P/=..P
..... ...P[.($$
...###### ....


You could see an oklob plant.

Vanquished Creatures
  A hydra (Lair:2)
  2 two-headed ogres
  An unseen horror (D:10)
  A deep elf mage (D:10)
  2 oklob plants (Lair:3)
  A cyclops (D:11)
  An elephant (D:9)
  A black mamba (Lair:2)
  Joseph (D:9)
  A spiny frog (Lair:2)
  2 komodo dragons (Lair:1)
  A rime drake (Lair:2)
  A polar bear (Lair:3)
  A troll (D:10)
  2 hippogriffs
  Sigmund (D:3)
  A wraith (D:6)
  17 yaks
  2 hogs (D:7)
  A human (D:7)
  2 hungry ghosts
  2 basilisks
  Menkaure (D:6)
  5 water moccasins
  A soldier ant (D:10)
  7 porcupines
  Duvessa (D:7)
  3 ice beasts
  5 orc warriors
  3 black bears
  4 ogres
  4 sky beasts
  11 wolves
  5 centaurs
  A big kobold (D:8)
  3 crocodiles
  9 bullfrogs
  Dowan (D:7)
  3 scorpions
  A water moccasin skeleton (D:6)
  A water moccasin zombie (D:6)
  8 killer bees
  10 wights
  A howler monkey (D:4)
  4 crimson imps
  A bullfrog zombie (D:10)
  3 jellies
  6 hounds
  5 centaur skeletons
  2 gnoll shamans
  4 orc priests
  2 bullfrog skeletons
  Natasha (thrice) (D:2)
  4 iguanas
  Ijyb (D:3)
  An orc wizard (D:4)
  10 worker ants
  4 big kobold zombies (Ossuary)
  2 hound skeletons
  2 mummies (Ossuary)
  2 worker ant zombies
  2 howler monkey skeletons (D:8)
  12 gnolls
  6 adders
  3 shadow imps
  2 oozes
  An adder skeleton (D:5)
  7 worms
  3 dart slugs
  A leopard gecko (D:3)
  38 orcs
  4 bats
  8 giant cockroaches
  4 gnoll zombies (Ossuary)
  5 goblins
  4 hobgoblins
  9 jackals
  2 quokkas
  3 ball pythons
  2 frilled lizards
  4 goblin zombies (Ossuary)
  A hobgoblin zombie (Ossuary)
  13 kobolds
  A leopard gecko skeleton (D:7)
  A leopard gecko zombie (D:6)
  An orc zombie (Ossuary)
  A quokka skeleton (D:6)
  14 rats
341 creatures vanquished.

Vanquished Creatures (others)
  2 plants
2 creatures vanquished.

Grand Total: 343 creatures vanquished

Notes
Turn   | Place    | Note
-------+----------+-------------------------------------------
     0 | D:1      | HighWolly the Deep Elf Fire Elementalist began the quest
                  | for the Orb.
     0 | D:1      | Reached XP level 1. HP: 10/10 MP: 6/6
   326 | D:1      | Reached XP level 2. HP: 15/15 MP: 5/8
   393 | D:1      | Learned a level 2 spell: Throw Flame
  1174 | D:1      | Reached XP level 3. HP: 19/19 MP: 7/9
  1196 | D:1      | Learned a level 3 spell: Conjure Flame
  1993 | D:2      | Noticed Natasha
  2003 | D:2      | Killed Natasha
  2003 | D:2      | Reached XP level 4. HP: 14/24 MP: 0/11
  2085 | D:2      | Noticed Natasha
  2088 | D:2      | Killed Natasha
  2241 | D:2      | Learned a level 4 spell: Sticky Flame
  2331 | D:2      | Noticed Natasha
  2334 | D:2      | Killed Natasha
  2334 | D:2      | Reached skill level 4 in Fire Magic
  2334 | D:2      | Reached XP level 5. HP: 21/28 MP: 6/13
  2426 | D:3      | Reached skill level 1 in Fighting
  2644 | D:3      | Found a bloodstained altar of Trog.
  2822 | D:3      | Noticed Ijyb
  2827 | D:3      | Killed Ijyb
  3171 | D:3      | Noticed Sigmund
  3178 | D:3      | Killed Sigmund
  3178 | D:3      | Reached XP level 6. HP: 29/36 MP: 2/15
  3689 | D:4      | Reached skill level 5 in Spellcasting
  3995 | D:4      | Found a shimmering altar of Xom.
  4300 | D:3      | Learned a level 5 spell: Fireball
  4349 | D:4      | Reached XP level 7. HP: 40/40 MP: 8/16
  4599 | D:4      | Reached skill level 5 in Fire Magic
  4808 | D:5      | Entered Level 5 of the Dungeon
  5491 | D:5      | Found a burning altar of Makhleb.
  6124 | D:5      | Found a shimmering altar of Xom.
  6219 | D:6      | Reached skill level 5 in Conjurations
  6447 | D:6      | Found a staircase to the Ecumenical Temple.
  6456 | Temple   | Entered the Ecumenical Temple
  6499 | Temple   | Became a worshipper of Vehumet
  6560 | D:6      | Reached skill level 6 in Fire Magic
  6604 | D:6      | Found a glowing silver altar of Zin.
  6609 | D:6      | Found a deep blue altar of Sif Muna.
  6666 | D:6      | Noticed Menkaure
  6892 | D:6      | Reached XP level 8. HP: 34/46 MP: 9/17
  6955 | D:6      | Killed Menkaure
  6997 | D:6      | Reached skill level 7 in Fire Magic
  7096 | D:6      | Reached skill level 5 in Dodging
  8267 | D:7      | Reached skill level 8 in Fire Magic
  8269 | D:7      | Reached XP level 9. HP: 44/50 MP: 8/18
  8343 | D:7      | Reached * piety under Vehumet
  8343 | D:7      | Offered knowledge of Freeze by Vehumet.
  8576 | D:7      | Noticed Duvessa
  8576 | D:7      | Noticed Dowan
  8587 | D:7      | Killed Duvessa
  8873 | D:7      | Killed Dowan
  8873 | D:7      | Reached skill level 1 in Shields
  9617 | D:7      | Reached skill level 9 in Fire Magic
 10148 | D:8      | Found a sand-covered staircase.
 10153 | Ossuary  | Entered an ossuary
 10525 | Ossuary  | Reached ** piety under Vehumet
 10525 | Ossuary  | Offered knowledge of Searing Ray by Vehumet.
 10690 | D:8      | Noticed a two-headed ogre
 10698 | D:8      | Killed a two-headed ogre
 10698 | D:8      | Reached XP level 10. HP: 56/56 MP: 4/19
 11112 | D:8      | Found a runed translucent gate.
 11112 | D:8      | Found a runed translucent gate.
 11112 | D:8      | Found a runed translucent gate.
 11595 | D:8      | Found an opulent altar of Gozag.
 11601 | D:8      | Noticed lenfi's ghost (novice NaVM)
 11821 | D:8      | Offered knowledge of Dazzling Spray by Vehumet.
 12267 | D:8      | Reached *** piety under Vehumet
 12326 | D:8      | Found a roughly hewn altar of Beogh.
 12503 | D:8      | Noticed a mana viper
 12811 | D:9      | Noticed an elephant
 12819 | D:9      | Killed an elephant
 12819 | D:9      | Reached skill level 10 in Fire Magic
 13083 | D:9      | Found a staircase to the Lair.
 13309 | D:9      | Noticed Joseph
 13322 | D:9      | Killed Joseph
 13584 | D:9      | Reached XP level 11. HP: 31/62 MP: 1/23
 13963 | D:9      | Offered knowledge of Fulminant Prism by Vehumet.
 14473 | D:9      | Reached skill level 1 in Evocations
 14592 | D:10     | Entered Level 10 of the Dungeon
 14657 | D:10     | Found Ofelamit's Food Shop.
 14803 | D:10     | Noticed a two-headed ogre
 15030 | D:10     | Killed a two-headed ogre
 15176 | D:10     | Found a staircase to the Orcish Mines.
 15193 | D:10     | Reached **** piety under Vehumet
 15275 | D:10     | Reached skill level 5 in Fighting
 15329 | D:10     | Noticed a deep elf mage
 15337 | D:9      | Reached skill level 10 in Conjurations
 15660 | D:10     | Killed a deep elf mage
 15660 | D:10     | Offered knowledge of Yara's Violent Unravelling by Vehumet.
 15832 | D:10     | Noticed an unseen horror
 15838 | D:10     | Killed an unseen horror
 16179 | D:10     | Got a brightly glowing brass amulet
 16180 | D:10     | Identified the amulet "Ruiv" {Spirit rElec Str+2 Stlth+}
                  | (You found it on level 10 of the Dungeon)
 16367 | D:10     | Found Herokk's Food Shop.
 17266 | D:11     | Reached skill level 11 in Fire Magic
 17611 | Lair:1   | Entered Level 1 of the Lair of Beasts
 17661 | Lair:1   | HP: 3/64 [komodo dragon (22)]
 18690 | Lair:2   | Noticed an eight-headed hydra
 18700 | Lair:2   | Killed an eight-headed hydra
 18700 | Lair:2   | Reached XP level 12. HP: 69/69 MP: 11/27
 18800 | Lair:2   | Reached ***** piety under Vehumet
 18800 | Lair:2   | Offered knowledge of Bolt of Magma by Vehumet.
 18807 | Lair:2   | Learned a level 5 spell: Bolt of Magma
 19330 | Lair:2   | Reached skill level 5 in Evocations
 19626 | Lair:2   | Reached skill level 1 in Earth Magic
 21634 | Lair:3   | Splashed by an oklob plant's acid

Skill      XL: |  1  2  3  4  5  6  7  8  9 10 11 12 |
---------------+-------------------------------------+-----
Conjurations   | 2 3 4 5 6 8 9 10 | 10.9
Dodging        | 3 4 6 8 9 |  9.0
Spellcasting   | 4 5 7 9 |  9.8
Fire Magic     | 4 6 8 9 10 11 | 11.6
Fighting       | 2 3 4 5 6 |  6.2
Shields        | 4 |  4.2
Evocations     | 4 5 |  5.4
Earth Magic    | 1 |  1.8
Stealth        | |  2.4

Action                   |  1- 3 |  4- 6 |  7- 9 | 10-12 || total
-------------------------+-------+-------+-------+-------++-------
Melee: Dagger            |       |       |    32 |    24 ||    56
 Cast: Flame Tongue      |    39 |    60 |   198 |   438 ||   735
       Throw Flame       |    30 |    36 |    79 |   239 ||   384
       Sticky Flame      |       |       |    10 |    38 ||    48
       Conjure Flame     |       |       |    14 |    28 ||    42
Evoke: Wand              |       |       |       |     3 ||     3
  Use: Scroll            |       |     4 |     7 |    11 ||    22
       Potion            |       |       |     1 |     1 ||     2
 Stab: Sleeping          |       |       |     1 |       ||     1
  Eat: Chunk             |     4 |     7 |    10 |    24 ||    45
       Ration            |       |       |     3 |     4 ||     7
Armor: Robe              |     2 |     3 |       |       ||     5
       Leather armour    |       |       |    29 |    17 ||    46
       Troll leather arm |       |       |       |    17 ||    17
Dodge: Dodged            |     4 |    11 |    76 |   119 ||   210
Block: Buckler           |       |       |       |    46 ||    46
